 Dungeon Crawl Stone Soup version 0.17.1-1-g73c8601 (webtiles) character file.

189 Implojin the Ruffian (level 5, -2/50 HPs)
             Began as a Troll Monk on Apr 2, 2016.
             Killed from afar by Dowan (7 damage)
             ... with a stone arrow
             ... on level 5 of the Dungeon.
             The game lasted 00:02:27 (370 turns).

Implojin the Ruffian (Troll Monk)                    Turns: 370, Time: 00:02:27

Health: -2/50      AC:  5    Str: 19    XL:     5   Next: 40%
Magic:  4/4        EV: 10    Int:  6    God:
Gold:   18         SH:  0    Dex: 13    Spells: 0 memorised, 4 levels left

rFire  . . .     SeeInvis .       - Unarmed
rCold  . . .     Clarity  .     a - +0 robe
rNeg   . . .     SustAt   .     (no shield)
rPois  .         Gourm    +     (helmet restricted)
rElec  .         Spirit   .     (no cloak)
rCorr  .         Warding  .     (gloves unavailable)
rMut   .         Stasis   .     (boots unavailable)
MR     .....                    (no amulet)
Stlth  +.........               (no ring)
                                (no ring)

@: not resistant to hostile enchantments, very unstealthy
A: unfitting armour, claws 3, fast metabolism 3, gourmand, regeneration 2,
shaggy fur 1, tough skin 2
a: no special abilities


You were on level 5 of the Dungeon.
You were very full.

You visited 1 branch of the dungeon, and saw 5 of its levels.

You collected 18 gold pieces.

Inventory:

Missiles
 c - 5 curare-tipped needles
Armour
 a - a +0 robe (worn)
Scrolls
 d - 3 scrolls of identify {unknown}
 e - a scroll of blinking {unknown}
Potions
 g - a potion of might {unknown}
Comestibles
 b - 4 bread rations
 f - 3 chunks of flesh


   Skills:
 - Level 2.4 Fighting
 - Level 2.4 Dodging
 - Level 1.1 Stealth
 * Level 6.7 Unarmed Combat


You had 4 spell levels left.
You didn't know any spells.

Dungeon Overview and Level Annotations

Branches:
Dungeon (5/15)
 Temple: D:4-7

Altars:
Kikubaaqudgha
Xom

Shops:
D:5 *

Annotations:
D:5 Dowan


Innate Abilities, Weirdness & Mutations

You are too large for most types of armour.
You have claws for hands.
Your metabolism is lightning-fast.
You like to eat raw meat.
You heal very quickly.
You are covered in fur (AC +1).
You have very tough skin (AC +2).


Message History

You barely miss Duvessa.
Duvessa is heavily wounded.
Duvessa hits you with a short sword.
You barely miss Duvessa.
Duvessa is heavily wounded.
Duvessa hits you with a short sword!
* * * LOW HITPOINT WARNING * * *
You scratch Duvessa.
Duvessa is heavily wounded.
Duvessa hits you with a short sword.
* * * LOW HITPOINT WARNING * * *
Dowan gestures wildly while chanting.
Dowan blinks!
You claw Duvessa!
Duvessa is almost dead.
Duvessa hits you with a short sword.
* * * LOW HITPOINT WARNING * * *
Duvessa barely misses you.
You claw Duvessa!
You kill Duvessa!
Dowan's eyes darken. "You have made a black mistake."
Dowan seems to find hidden reserves of power!
Your Unarmed Combat skill increases to level 6!
You have reached level 5!
Dowan barely misses you.
Things that are here:
a short sword; a runed copper wand; the elf corpse of Duvessa Unknown command.
You closely miss Dowan.
Dowan is moderately wounded.
Dowan points at you and mumbles some strange words.
The stone arrow hits you!
* * * LOW HITPOINT WARNING * * *
Drink which item? (? for menu, Esc to quit)
Okay, then.
You closely miss Dowan.
Dowan is moderately wounded.
Dowan casts a spell at you. The stone arrow hits you!
You die...

.+_+..##.######
≈#'#≈..........
≈≈.≈≈.........
#..##.....# ..........#
######....# # ######.∩#
#####.#
#......(########.......
#.###..^......@e.......
#...)########........
#.##.# #........ #. #.#
#.......) # ..
#.#####.# ## #.# # #.#
..# ###


You could see Dowan.

Vanquished Creatures
  Duvessa (D:5)
  A hound (D:4)
  A jelly (D:5)
  An adder (D:3)
  An ooze (D:1)
  2 bats
  A giant cockroach (D:1)
  A goblin (D:1)
  2 hobgoblins (D:1)
  4 jackals
  A giant newt (D:1)
  A kobold (D:1)
  2 rats
19 creatures vanquished.

Notes
Turn   | Place    | Note
--------------------------------------------------------------
     0 | D:1      | Implojin the Troll Monk began the quest for the Orb.
     0 | D:1      | Reached XP level 1. HP: 22/22 MP: 0/0
    98 | D:1      | Reached XP level 2. HP: 25/29 MP: 1/1
   242 | D:3      | Reached skill level 5 in Unarmed Combat
   277 | D:3      | Reached XP level 3. HP: 36/36 MP: 2/2
   299 | D:3      | Found a shimmering altar of Xom.
   299 | D:3      | Found a shimmering altar of Xom.
   323 | D:5      | Entered Level 5 of the Dungeon
   326 | D:5      | Found Seczuuc's General Store.
   329 | D:5      | Reached XP level 4. HP: 34/44 MP: 3/3
   333 | D:5      | Found an ancient bone altar of Kikubaaqudgha.
   350 | D:5      | Noticed Duvessa
   351 | D:5      | Noticed Dowan
   367 | D:5      | Killed Duvessa
   367 | D:5      | Reached skill level 6 in Unarmed Combat
   367 | D:5      | Reached XP level 5. HP: 19/50 MP: 4/4
   370 | D:5      | Killed from afar by Dowan

Action                   |  1- 3 |  4- 6 || total
-------------------------+-------+-------++-------
Melee: Unarmed           |    40 |    11 ||    51
  Eat: Chunk             |     8 |       ||     8

Table legend:
 A = Turns spent in this place as a percentage of turns spent in the entire game.
 B = Non-inter-level travel turns spent in this place as a percentage of non-inter-level travel turns spent in the entire game.
 C = Inter-level travel turns spent in this place as a percentage of turns spent in this place.
 D = Turns resting spent in this place as a percentage of non-inter-level travel turns spent in this place.
 E = Turns spent auto-exploring this place as a percentage of non-inter-level travel turns spent in this place.
 F = Non-inter-level travel turns spent in this place divided by the number of levels of this place that you've seen.
                   A       B       C       D       E      F
               +-------+-------+-------+-------+-------+----------------------
         Total | 100.0 | 100.0 |   0.0 |   0.0 |   0.0 |  68.4
       Dungeon | 100.0 | 100.0 |   0.0 |   0.0 |   0.0 |  68.4
               +-------+-------+-------+-------+-------+----------------------

Table legend:
 A = Kills in this place as a percentage of kills in entire the game.
 B = Kills by you in this place as a percentage of kills by you in the entire game.
 C = Kills by friends in this place as a percentage of kills by friends in the entire game.
 D = Other kills in this place as a percentage of other kills in the entire game.
 E = Experience gained in this place as a percentage of experience gained in the entire game.
 F = Experience gained in this place divided by the number of levels of this place that you have seen.
                   A       B       C       D       E      F
               +-------+-------+-------+-------+-------+----------------------
         Total | 100.0 | 100.0 |  -nan |  -nan | 100.0 |  54.2
       Dungeon | 100.0 | 100.0 |  -nan |  -nan | 100.0 |  54.2
               +-------+-------+-------+-------+-------+----------------------
